 Dungeon Crawl Stone Soup version 0.28-a0-1613-gdaab1c2f9b (webtiles) character file.

Game seed: 18357333189411072452

676 sprunkey the Insei (level 7, -1/49 HPs)
             Began as a Merfolk Transmuter on Jan 22, 2022.
             Was a Priest of Nemelex Xobeh.
             Slain by a fire bat (5 damage)
             ... on level 5 of the Dungeon.
             The game lasted 00:26:58 (4786 turns).

sprunkey the Insei (Merfolk Transmuter)             Turns: 4786, Time: 00:26:58

Health: -1/49      AC:  2    Str: 10    XL:     7   Next: 60%
Magic:  8/12       EV: 39    Int: 12    God:    Nemelex Xobeh [***...]
Gold:   194        SH:  0    Dex: 28    Spells: 4/13 levels left

rFire   . . .      SeeInvis +     - Unarmed
rCold   . . .      Faith    .   (shield currently unavailable)
rNeg    . . .      Spirit   .   (armour currently unavailable)
rPois   x          Reflect  .   (helmet currently unavailable)
rElec   .          Harm     .   (cloak currently unavailable)
rCorr   .          Rampage  .   (gloves currently unavailable)
Will    .....                   (boots currently unavailable)
Stlth   +++.......              f - amulet of the acrobat
HPRegen 0.16/turn               l - +6 ring of dexterity
MPRegen 0.13/turn               g - ring of see invisible

@: spider-form (expiring), wereblooded, acrobatic
A: venomous fangs, tiny, (nimble swimmer 2), (mertail)
a: End Transformation, Renounce Religion, Draw Escape, Draw Destruction, Draw
Summoning, Triple Draw


You were on level 5 of the Dungeon.
You worshipped Nemelex Xobeh.
Nemelex Xobeh was most pleased with you.
You were a venomous arachnid creature.
You visited 1 branch of the dungeon, and saw 5 of its levels.

You collected 194 gold pieces.

Inventory:

Hand Weapons
 b - a +0 dagger
 i - a +0 rapier
Armour
 a - a +0 robe
 n - a +0 helmet (melded)
 q - a +1 ring mail of fire resistance
 r - a +3 leather armour (melded)
Jewellery
 f - an amulet of the acrobat (around neck)
 g - a ring of see invisible (right front leg)
 l - a +6 ring of dexterity (left front leg)
Wands
 p - a wand of mindburst (15)
Scrolls
 d - 3 scrolls of teleportation
 k - a scroll of identify
 o - a scroll of vulnerability {unknown}
Potions
 c - a potion of might {unknown}
 e - a potion of curing
 h - a potion of mutation {unknown}
 j - 2 potions of attraction {unknown}
 m - a potion of haste


   Skills:
 + Level 1.8 Fighting
 + Level 0.1 Armour
 + Level 4.6 Dodging
 + Level 2.6 Stealth
 + Level 6.0 Unarmed Combat
 + Level 3.5 Spellcasting
 + Level 5.0 Transmutations
 * Level 1.0 Air Magic
 + Level 0.4 Poison Magic


You had 4 spell levels left.
You knew the following spells:

 Your Spells              Type           Power      Damage    Failure   Level
a - Beastly Appendage     Tmut           28%        N/A       11%         1
b - Wereblood             Tmut           14%        N/A       13%         2
c - Spider Form           Tmut/Pois      8%         N/A       43%         3
d - Swiftness             Air            4%         N/A       65%         3

Your spell library contained the following spells:

 Spells                   Type           Power      Damage    Failure   Level
 Passwall                 Tmut/Erth      6%         N/A       28%         2
 Ensorcelled Hibernation  Hex/Ice        4%         N/A       56%         2
 Gell's Gravitas          Tloc           2%         N/A       77%         3
 Lesser Beckoning         Tloc           2%         N/A       77%         3
 Teleport Other           Tloc           2%         N/A       77%         3
 Ice Form                 Ice/Tmut       8%         N/A       82%         4


Dungeon Overview and Level Annotations

Branches:
Dungeon (5/15)
 Temple: D:4-7

Altars:
Nemelex Xobeh


Innate Abilities, Weirdness & Mutations

You are a venomous arachnid creature.
You have poisonous fangs.
You are tiny and dextrous.
Your spellcasting is less reliable in this form.
Your armour is entirely melded.
You are incapable of wielding weapons or throwing items.
((You are very nimble when in or above water. (Stealth+, EV+, Speed+++)))
((Your lower body shifts to a powerful aquatic tail in water.))


Message History

The naga spits poison at you. The splash of poison misses you.
The naga constricts you.
You hit the naga.
The naga is severely wounded.
The naga hits you! The naga constricts you.
You bite the naga!
You feel a bit better.
You kill the naga!
The black bear returns to its original shape as it dies.
The fire bat barely misses you.
Your Unarmed Combat skill increases to level 6!
Your Transmutations skill increases to level 5!
Your Air Magic skill increases to level 1!
You barely miss the fire bat. The fire bat barely misses you.
You hit the fire bat.
The fire bat is lightly wounded.
The fire bat barely misses you. The fire bat misses you.
You hit the fire bat.
The fire bat is poisoned.
The fire bat is moderately wounded.
The fire bat bites you.
You are engulfed in flames.
* * * LOW HITPOINT WARNING * * *
You closely miss the fire bat.
The fire bat is moderately wounded.
Your transformation is almost over.
The scorpion zombie is no longer dazed.
The fire bat misses you. The fire bat barely misses you.
You hit the fire bat.
The fire bat looks as sick as possible!
The fire bat is heavily wounded.
The fire bat bites you.
* * * LOW HITPOINT WARNING * * *
You are engulfed in flames.
* * * LOW HITPOINT WARNING * * *
The fire bat completely misses you. The fire bat closely misses you.
The fire bat completely misses you. The fire bat misses you.
The fire bat completely misses you. The fire bat bites you.
* * * LOW HITPOINT WARNING * * *
You are engulfed in flames.
You die...
Your body glows slightly and disappears.

################
#...............
#.##############
########## #.#
.........# #.#
.........#########.#
...........†..Zbs..#
..........##########
.......)........
..........####..
..###.###.# ... #..|
#..Z #.#... ....s
....... ..#... ..
.>.


You could see a fire bat (very poisoned, misshapen) and a scorpion zombie.

Vanquished Creatures
  A naga (D:5)
  An ogre (D:4)
  A kobold brigand (D:4)
  2 scorpions
  An orc priest (D:3)
  5 adders
  An ufetubus (D:5)
  2 adder skeletons (D:4)
  3 worms (D:2)
  A dart slug (D:3)
  6 orcs
  5 bats
  7 endoplasms
  4 giant cockroaches
  9 goblins
  7 hobgoblins
  9 jackals (D:2)
  5 quokkas
  11 ball pythons
  6 frilled lizards
  10 kobolds
  6 rats
103 creatures vanquished.

Vanquished Creatures (collateral kills)
  An ogre (D:4)
1 creature vanquished.

Grand Total: 104 creatures vanquished

Notes
Turn   | Place    | Note
-------+----------+-------------------------------------------
     0 | D:1      | sprunkey the Merfolk Transmuter began the quest for the
                  | Orb.
     0 | D:1      | Reached XP level 1. HP: 15/15 MP: 3/3
   263 | D:1      | Reached XP level 2. HP: 18/21 MP: 3/5
   434 | D:1      | Found a faded altar of an unknown god.
   505 | D:1      | Prayed at the altar of an unknown god.
   505 | D:1      | Became a worshipper of Nemelex Xobeh the Trickster
   505 | D:1      | Reached * piety under Nemelex Xobeh
   706 | D:1      | Reached XP level 3. HP: 26/26 MP: 4/6
  1491 | D:2      | Received a gift from Nemelex Xobeh
  2079 | D:2      | Reached XP level 4. HP: 32/32 MP: 5/7
  2088 | D:2      | Reached skill level 4 in Unarmed Combat
  2223 | D:2      | Learned a level 2 spell: Wereblood
  2236 | D:3      | Received a gift from Nemelex Xobeh
  2282 | D:3      | Reached ** piety under Nemelex Xobeh
  2406 | D:3      | Learned a level 3 spell: Spider Form
  2434 | D:3      | Reached XP level 5. HP: 25/37 MP: 5/9
  3127 | D:3      | Reached skill level 1 in Stealth
  3636 | D:4      | Noticed a kobold brigand
  3637 | D:4      | Noticed an ogre
  3648 | D:4      | Killed a kobold brigand
  3649 | D:4      | Reached XP level 6. HP: 13/43 MP: 8/10
  3846 | D:4      | Reached skill level 5 in Unarmed Combat
  4254 | D:4      | Reached XP level 7. HP: 49/49 MP: 10/12
  4286 | D:4      | Reached *** piety under Nemelex Xobeh
  4700 | D:4      | Learned a level 3 spell: Swiftness
  4711 | D:5      | Entered Level 5 of the Dungeon
  4771 | D:5      | Noticed a naga
  4771 | D:5      | a black bear changed into a naga
  4771 | D:5      | Noticed a fire bat
  4771 | D:5      | an ogre changed into a fire bat
  4777 | D:5      | Killed a naga
  4778 | D:5      | Reached skill level 6 in Unarmed Combat
  4778 | D:5      | Reached skill level 5 in Transmutations
  4778 | D:5      | Reached skill level 1 in Air Magic
  4786 | D:5      | Slain by a fire bat

Illustrated notes

Levels and vault maps discovered:
D:1:      scummos_arrival_star, layout_basic, basic_ecumenical_altar,
          nrook_mini_backslash
D:2:      layout_loops_ring, minmay_small_reverse_x
D:3:      minmay_diamond_boxcup, layout_basic, hangedman_abyss_or_decor_stabs
D:4:      layout_cave_pools, serial_column_ruins, column_ruins_courtyard_long,
          column_ruins_columns_corner, column_ruins_grid_2, column_ruins_grid_1,
          column_ruins_grid_1, column_ruins_open_small, wad_rectangle_vault
D:5:      layout_basic, temple_fountains, minmay_chambers_of_fives

Skill      XL: |  1  2  3  4  5  6  7 |
---------------+----------------------+-----
Transmutations | 3 4 5 |  5.0
Dodging        | 3 4 |  4.6
Unarmed Combat | 4 5 6 |  6.0
Spellcasting   | 3 |  3.5
Stealth        | 1 2 |  2.6
Air Magic      | 1 |  1.0
Fighting       | |  1.8
Armour         | |  0.1
Poison Magic   | |  0.4

Action                   |  1- 3 |  4- 6 |  7- 9 || total
-------------------------+-------+-------+-------++-------
Melee: Unarmed           |   156 |   123 |    46 ||   325
       Headbutt          |    19 |     9 |     8 ||    36
       Punch             |     6 |     2 |     1 ||     9
 Cast: Beastly Appendage |    24 |    20 |     4 ||    48
       Wereblood         |       |     3 |     1 ||     4
       Spider Form       |       |     3 |     1 ||     4
Invok: Draw Destruction  |     1 |     2 |     2 ||     5
       Draw Escape       |       |     2 |       ||     2
       Draw Summoning    |       |     1 |       ||     1
  Use: Scroll            |       |     4 |       ||     4
       Potion            |       |       |     1 ||     1
 Stab: Sleeping          |     1 |     3 |     1 ||     5
Armor: Robe              |    33 |    19 |     1 ||    53
       Skin              |       |     2 |       ||     2
       Leather armour    |       |       |     8 ||     8
Dodge: Dodged            |    91 |   109 |    39 ||   239

Table legend: (Time is in decaauts)
 A = Elapsed time spent in this place.
 B = Non-inter-level travel time spent in this place.
 C = Inter-level travel time spent in this place.
 D = Time resting spent in this place.
 E = Time spent auto-exploring this place.
 F = Levels seen in this place.
 G = Mean time per level.
                   A        B        C        D        E       F      G
               +--------+--------+--------+--------+--------+-----+--------+
         Total |   4758 |   4758 |      0 |   1936 |      0 |   5 |  951.6 |
       Dungeon |   4758 |   4758 |      0 |   1936 |      0 |   5 |  951.6 |
               +--------+--------+--------+--------+--------+-----+--------+

Top non-repeatable levels by time:
     D:3: 1344 daAuts
     D:2: 1216 daAuts
     D:4: 1128 daAuts
     D:1: 996 daAuts
     D:5: 72 daAuts
